 Dungeon Crawl Stone Soup version 0.19.5 (webtiles) character file.

21935 Gargoyl the Protected (level 12, -1/103 HPs)
             Began as a Ghoul Abyssal Knight on May 24, 2017.
             Was an Elder of Lugonu.
             Slain by a death yak (16 damage)
             ... on level 5 of the Lair of Beasts.
             The game lasted 00:31:15 (14923 turns).

Gargoyl the Protected (Ghoul Abyssal Knight)       Turns: 14923, Time: 00:31:15

Health: -1/103     AC: 24    Str: 19    XL:     12   Next: 95%
Magic:  18/18      EV:  7    Int:  7    God:    Lugonu [****..]
Gold:   950        SH: 12    Dex: 15    Spells: 0 memorised, 11 levels left

rFire  . . .     SeeInvis .     r - +1 hand axe (flame)
rCold  + . .     Gourm    .     g - +7 plate armour
rNeg   + + +     Faith    .     o - +0 buckler
rPois  ∞         Spirit   .     A - +0 helmet
rElec  .         Reflect  +     n - +0 cloak
rCorr  .         Harm     .     (no gloves)
MR     +....                    (no boots)
Stlth  ..........               a - +6 amulet of reflection
                                e - +5 ring of dexterity
                                y - ring of protection from magic

@: rotting
A: rotting body, claws 1, carnivore 3, cold resistance 1, negative energy
resistance 3, slow regeneration 1, torment resistance, unbreathing
a: Depart the Abyss, Bend Space, Banish, Corrupt, Renounce Religion


You were on level 5 of the Lair of Beasts.
You worshipped Lugonu.
Lugonu was greatly pleased with you.
You were not hungry.

You visited 2 branches of the dungeon, and saw 14 of its levels.
You visited the Abyss 1 time.

You collected 950 gold pieces.

Inventory:

Hand Weapons
 r - a +1 hand axe of flaming (weapon)
 w - a +0 spear
 D - a +0 war axe of freezing
Missiles
 p - 3 tomahawks (quivered)
Armour
 g - a +7 plate armour (worn)
 n - a +0 cloak (worn)
 o - a +0 buckler (worn)
 A - a +0 helmet (worn)
Jewellery
 a - a +6 amulet of reflection (around neck)
 d - an uncursed ring of protection from fire
 e - a +5 ring of dexterity (right claw)
 y - a ring of protection from magic (left claw)
Wands
 f - a wand of teleportation (3/9)
 B - a wand of teleportation (4/9)
 E - a wand of iceblast (10/15)
 I - a wand of confusion (25/48)
 J - a wand of polymorph (12/24)
 K - a wand of acid (4/15)
 Q - a wand of iceblast (7/15)
Scrolls
 h - a scroll of teleportation
 i - 7 scrolls of remove curse
 k - 2 scrolls of fear
 u - a scroll of recharging
 x - a scroll of identify
 L - 2 scrolls of fog
Potions
 b - 2 potions of flight
 j - 3 potions of brilliance
 l - 4 potions of agility
 m - a potion of berserk rage
 q - 3 potions of degeneration
 s - a potion of might
 t - a potion of ambrosia
 v - a potion of cure mutation
 G - a potion of magic
 H - 2 potions of mutation
Books
 O - a book of Battle

   Spells                             Type                      Level
   a - Infusion                       Charms                       1
   b - Shroud of Golubria             Charms/Translocation         2
   c - Song of Slaying                Charms                       2
   d - Spectral Weapon                Hexes/Charms                 3
   e - Regeneration                   Charms/Necromancy            3
Comestibles
 c - 7 meat rations
 C - 3 slices of pizza
 M - a royal jelly
 P - 2 beef jerkies


   Skills:
 + Level 8.6 Fighting
 + Level 10.4 Axes
 + Level 0.1 Throwing
 * Level 10.5 Armour
 + Level 2.4 Dodging
 + Level 7.7 Shields
 * Level 9.7 Invocations


You had 11 spell levels left.
You didn't know any spells.

Dungeon Overview and Level Annotations

Branches:
Dungeon (8/15)             Temple (0/1) D:6            Lair (6/6) D:8
 Shoals (0/4) Lair:4        Snake (0/4) Lair:2        Slime (0/5) Lair:5

Altars:
Elyvilon
Nemelex Xobeh
Yredelemnul

Shops:
D:4 :

Annotations:
Lair:6 exclusion: oklob plant
Abyss:1 Snorg


Innate Abilities, Weirdness & Mutations

Your body is rotting away.
You thrive on raw meat.
You are immune to poison.
You have sharp fingernails.
You are carnivorous and can eat meat at any time.
Your flesh is cold resistant. (rC+)
You are immune to negative energy. (rN+++)
You regenerate slowly when monsters are visible.
You are immune to unholy pain and torment.
You can survive without breathing.


Message History

You block the death yak's attack.
The black mamba bites you but does no damage.
You block the hippogriff's attack.
The hippogriff pecks you but does no damage.
The hippogriff closely misses you.
You hit the death yak but do no damage.
The death yak is almost dead.
You closely miss the black mamba. You hit the hippogriff.
You burn the hippogriff. You block the black mamba's attack.
The death yak gores you but does no damage.
Unknown command.
You hit the death yak but do no damage.
The death yak is almost dead.
You hit the black mamba. You burn the black mamba. You hit the hippogriff.
You burn the hippogriff. You block the black mamba's attack.
The hippogriff bites you but does no damage.
The hippogriff pecks you but does no damage.
The hippogriff claws you but does no damage.
The death yak gores you!
You die...

#.......##.....#
#......#.......#
##..........P..##
##...^........###
####......>..P..##
#.##.........#### ###
###[..........###
#.###P....SH.......P#
####........@Y#.......##
#P#P........#.#........###
#.P........###.#........P#
#.P.......##
####........####
#......#P## #.#........#.
#....^.### #####........
#.PP.### ##....... #.P###
#....... #### ###.....


You could see a death yak, a hippogriff and a black mamba.

Vanquished Creatures
  The ghost of Turtleman12345 the Thaumaturge, a journeyman DEWz of Sif Muna (Lair:1)
  4 hydras
  Harold (Lair:1)
  2 black mambas
  A spiny frog (Lair:4)
  A rime drake (Lair:2)
  3 komodo dragons
  A hornet (Lair:6)
  10 blink frogs
  A slime creature (Lair:5)
  4 hippogriffs
  3 spriggans (Lair:6)
  8 yaks
  A hungry ghost (D:7)
  A human (D:3)
  A basilisk (Lair:5)
  Edmund (D:4)
  10 water moccasins
  11 porcupines
  An orc warrior (D:8)
  2 black bears
  An ice beast (D:8)
  2 sky beasts
  4 ogres
  A boggart (Lair:6)
  4 centaurs
  32 wolves
  11 crocodiles
  12 bullfrogs
  3 wights (D:6)
  2 electric eels (Lair:3)
  A centaur zombie (D:7)
  A crimson imp (D:8)
  A bullfrog zombie (D:5)
  2 hounds
  5 jellies
  A human zombie (D:3)
  3 orc priests
  2 iguanas
  Ijyb (D:3)
  A hell rat (D:5)
  5 orc wizards
  Terence (D:3)
  4 worker ants
  4 adders
  4 gnolls (D:4)
  A howler monkey skeleton (D:8)
  6 river rats (D:5)
  A shadow imp (D:5)
  An ooze (D:2)
  An adder skeleton (D:7)
  3 worms (D:2)
  4 dart slugs
  3 leopard geckos
  27 orcs
  6 bats
  5 giant cockroaches
  10 hobgoblins
  3 jackals (D:3)
  A quokka (D:8)
  A ball python (D:1)
  6 frilled lizards
  A giant cockroach zombie (D:5)
  12 goblins
  A jackal skeleton (D:6)
  7 kobolds
  2 leopard gecko skeletons
  26 rats
  3 fungi
307 creatures vanquished.

Vanquished Creatures (others)
  A hydra (Lair:1)
  A death yak (Lair:5)
  An oklob plant (Lair:3)
  A komodo dragon (Lair:2)
  A hippogriff (Lair:1)
  3 electric eels (Lair:2)
  2 fungi (Lair:6)
  3 plants
13 creatures vanquished.

Grand Total: 320 creatures vanquished

Notes
Turn   | Place    | Note
-------+----------+-------------------------------------------
     0 | Abyss:1  | Gargoyl the Ghoul Abyssal Knight began the quest for the Orb.
     0 | Abyss:1  | Reached XP level 1. HP: 19/19 MP: 1/1
   153 | Abyss:1  | Noticed a neqoxec
   153 | D:1      | Escaped the Abyss
   339 | D:1      | Reached XP level 2. HP: 25/25 MP: 2/2
   401 | D:1      | Reached * piety under Lugonu
   490 | D:1      | Reached skill level 1 in Dodging
   674 | D:1      | Reached XP level 3. HP: 31/31 MP: 3/3
  1524 | D:2      | Reached ** piety under Lugonu
  1531 | D:2      | Reached XP level 4. HP: 39/39 MP: 5/5
  1855 | D:3      | Found a runed door.
  1855 | D:3      | Noticed a human
  1893 | D:3      | Found a basalt altar of Yredelemnul.
  1950 | D:3      | Killed a human
  1950 | D:3      | Reached XP level 5. HP: 25/46 MP: 6/6
  1950 | D:3      | Reached XP level 6. HP: 28/52 MP: 7/7
  2243 | D:3      | Noticed Terence
  2253 | D:3      | Noticed Ijyb
  2266 | D:3      | Killed Terence
  2288 | D:3      | Killed Ijyb
  2745 | D:4      | Noticed Edmund
  2783 | D:4      | Killed Edmund
  2783 | D:4      | Reached *** piety under Lugonu
  2783 | D:4      | Reached XP level 7. HP: 54/60 MP: 9/9
  2920 | D:4      | Found Qyekk's Book Shop.
  3035 | D:5      | Entered Level 5 of the Dungeon
  3135 | D:5      | Reached skill level 1 in Shields
  3139 | D:5      | Reached skill level 5 in Axes
  3224 | D:5      | Reached XP level 8. HP: 47/67 MP: 10/10
  3615 | D:5      | Reached **** piety under Lugonu
  3911 | D:6      | Reached skill level 5 in Fighting
  3924 | D:6      | Reached skill level 5 in Invocations
  3967 | D:6      | Found a staircase to the Ecumenical Temple.
  4065 | D:6      | Reached skill level 5 in Armour
  4331 | D:6      | Found a sparkling altar of Nemelex Xobeh.
  4448 | D:6      | Found a white marble altar of Elyvilon.
  4568 | D:7      | Reached XP level 9. HP: 27/74 MP: 12/12
  5502 | D:8      | Reached ***** piety under Lugonu
  5539 | D:8      | Found a staircase to the Lair.
  5731 | Lair:1   | Entered Level 1 of the Lair of Beasts
  5855 | Lair:1   | Noticed an eight-headed hydra
  5865 | Lair:1   | Banished a 12-headed hydra
  5865 | Lair:1   | Reached XP level 10. HP: 13/83 MP: 13/13
  6233 | Lair:1   | Noticed Turtleman12345's ghost (journeyman DEWz)
  6289 | Lair:1   | Killed Turtleman12345's ghost
  6974 | Lair:1   | Reached skill level 5 in Shields
  7403 | Lair:2   | Noticed a black mamba
  7427 | Lair:2   | Killed a black mamba
  7427 | Lair:2   | Reached XP level 11. HP: 46/91 MP: 15/15
  7640 | Lair:2   | Noticed Harold
  7698 | Lair:1   | Killed Harold
  8749 | Lair:2   | Found a staircase to the Snake Pit.
 10661 | Lair:3   | Identified a scroll of acquirement
 11016 | Lair:3   | Noticed an oklob plant
 11022 | Lair:3   | Banished an oklob plant
 11495 | Lair:4   | Noticed a seven-headed hydra
 11507 | Lair:4   | Killed a one-headed hydra
 11507 | Lair:4   | Reached XP level 12. HP: 46/101 MP: 17/17
 11681 | Lair:4   | Found a staircase to the Shoals.
 11921 | Lair:4   | Noticed a four-headed hydra
 11932 | Lair:4   | Killed a one-headed hydra
 12861 | Lair:5   | Found a staircase to the Slime Pits.
 13009 | Lair:5   | Reached skill level 10 in Axes
 13183 | Lair:5   | Noticed a five-headed hydra
 13193 | Lair:5   | Killed a one-headed hydra
 13193 | Lair:5   | Reached skill level 10 in Armour
 13802 | Lair:6   | Entered Level 6 of the Lair of Beasts
 13844 | Lair:6   | Noticed Snorg
 13917 | Lair:6   | Banished Snorg
 14082 | Lair:6   | Noticed a four-headed hydra
 14097 | Lair:6   | Killed a one-headed hydra
 14397 | Lair:6   | Noticed a spriggan rider
 14426 | Lair:6   | Noticed a death yak
 14427 | Lair:6   | Noticed a death yak
 14428 | Lair:6   | Noticed a death yak
 14429 | Lair:6   | Noticed a death yak
 14432 | Lair:6   | Noticed a five-headed hydra
 14432 | Lair:6   | Noticed a death yak
 14433 | Lair:6   | Noticed a death yak
 14851 | Lair:5   | Banished a death yak
 14923 | Lair:5   | Slain by a death yak

Skill      XL: |  1  2  3  4  5  6  7  8  9 10 11 12 |
---------------+-------------------------------------+-----
Armour         | 2 3 4 5 6 8 9 10 | 10.5
Axes           | 2 3 4 5 6 7 8 9 10 | 10.4
Dodging        | 1 2 |  2.4
Invocations    | 3 4 5 6 7 8 9 |  9.7
Fighting       | 4 5 6 7 8 |  8.6
Shields        | 1 2 4 5 6 7 |  7.7
Throwing       | |  0.1

Action                   |  1- 3 |  4- 6 |  7- 9 | 10-12 || total
-------------------------+-------+-------+-------+-------++-------
Melee: Hand axe          |   131 |   180 |   473 |  1064 ||  1848
Throw: Tomahawk          |       |       |       |     2 ||     2
Invok: Depart the Abyss  |     1 |       |       |       ||     1
       Banish            |       |       |       |    11 ||    11
       Bend Space        |       |       |       |     1 ||     1
  Use: Scroll            |    11 |     3 |    15 |    20 ||    49
       Potion            |       |       |       |    14 ||    14
  Eat: Chunk             |    12 |    17 |    66 |    94 ||   189
       Meat ration       |       |       |       |     1 ||     1
Armor: Plate armour      |    99 |   150 |   258 |   734 ||  1241
       Leather armour    |     2 |       |       |       ||     2
Dodge: Dodged            |    28 |    34 |    91 |   309 ||   462
Block: Buckler           |       |    23 |   240 |   723 ||   986
       Reflection        |       |       |     5 |     2 ||     7
